 Dungeon Crawl Stone Soup version 0.32-a0-132-g2d33c3cfaf (webtiles) character file.

Game seed: 15273680147758287428

7 Bravepunisher the Ducker (level 1, -2/11 HPs)
             Began as a Spriggan Monk on Feb 9, 2024.
             Slain by an iguana (13 damage)
             ... on level 5 of the Dungeon.
             The game lasted 00:01:33 (351 turns).

Bravepunisher the Ducker (Spriggan Monk)             Turns: 351, Time: 00:01:34

Health: -2/11      AC:  2    Str:  7    XL:     1   Next: 83%
Magic:  2/2        EV: 19    Int: 11    God:
Gold:   37         SH:  0    Dex: 17    Spells: 0/0 levels left

rFire   . . .        a - +0 short sword
rCold   . . .        (no shield)
rNeg    . . .        b - +0 robe
rPois   .            (helmet restricted)
rElec   .            (no cloak)
rCorr   .            (gloves unavailable)
SInv    +            (boots unavailable)
Will    .....        (no amulet)
Stlth   ++           (no ring)
HPRegen 0.21/turn    (no ring)
MPRegen 0.08/turn

%: no passive effects
@: very quick
A: very small, no large weapons, unfitting armour, see invisible, speed 3
a: no special abilities


You were on level 5 of the Dungeon.
You visited 1 branch of the dungeon, and saw 5 of its levels.

You collected 37 gold pieces.

Inventory:

Hand Weapons
 a - a +0 short sword (weapon)
Armour
 b - a +0 robe (worn)
Scrolls
 d - a scroll of immolation {unknown}
 e - a scroll of identify {unknown}
Potions
 c - a potion of ambrosia


   Skills:
 + Level 2.5 Fighting
 - Level 3.2 Short Blades
 * Level 4.4 Dodging


You couldn't memorise any spells.
You didn't know any spells.
Your spell library was empty.

Dungeon Overview and Level Annotations

Branches:
Dungeon (5/15)
 Temple: D:4-7

Altars:

Shops:
D:5 (:

Annotations:
D:4 Grinder
D:5 3 runed translucent doors, Azoth's ghost, novice DECj


Innate Abilities, Weirdness & Mutations

You are very small and have problems with some larger weapons.
You are too small for most types of armour.
You have supernaturally acute eyesight. (SInv)
You cover ground extremely quickly. (Speed+++)


Message History

Found a morningstar and a book of Cantrips.
The giant cockroach attacks as it pursues you!
The giant cockroach barely misses you.
Found a plate armour.
Found a spear.
An endoplasm comes into view.
Found a stone staircase leading down.
Found a scroll labelled QUITTU IDASCH.
The quokka twitches its whiskers.
Found a sling.
There is a stone staircase leading down here.
You climb downwards.
There is a stone staircase leading up here.
The ufetubus shouts!
Found a runed translucent gate.
Found 4 large rocks.
Found 2 stones.
Found 5 large rocks and 3 stones.
Azoth's ghost turns its malevolent gaze towards you.
Found a scroll labelled KEUXIG BOTIORO.
Found Ucwiz's Book Shoppe.
Found an escape hatch in the ceiling.
There is an escape hatch in the ceiling here.
A hound comes into view.
The hound barks!
Found Lassuro's Weapon Shop.
The hound misses you.
There is a fountain of clear blue water here.
There is an entrance to Lassuro's Weapon Shop here.
There is a fountain of clear blue water here.
Found 3 gold pieces.
The hound pauses to sniff the ground.
An iguana comes into view.
The iguana hisses angrily.
You hear a shout!
A white imp comes into view.
Found a spear.
You see here 3 gold pieces.
The iguana closely misses you. The hound barely misses you.
The iguana attacks as it pursues you! The iguana bites you!
Ouch! That really hurt!
You die...

#..................
#..........###.####
#..........# #.# #.
#####..........# #.# #.
####...############ #.###.
#.P.......## #######...#.
..PP....... ........###.
#.........###########.# ##
#.♣♣P.5.l@##....# #.# #
#.........##....# #.#.##
#)......h.##....# ###.....
#......$..##....###...#.##
........................#
#########......⌠.⌠#.#####
#..........∩........
#.##......⌠.⌠..##### #
#......#.####


You could see an iguana, a hound and a white imp.

Vanquished Creatures
  2 bats
  2 endoplasms (D:2)
  A quokka (D:2)
  A kobold (D:3)
6 creatures vanquished.

Notes
Turn   | Place    | Note
-------+----------+-------------------------------------------
     0 | D:1      | Bravepunisher the Spriggan Monk began the quest for the
                  | Orb.
     0 | D:1      | Reached XP level 1. HP: 11/11 MP: 2/2
   207 | D:5      | Entered Level 5 of the Dungeon
   207 | D:5      | Noticed an iguana
   216 | D:4      | Noticed Grinder
   258 | D:5      | Found a runed translucent gate.
   259 | D:5      | Found a runed translucent gate.
   260 | D:5      | Found a runed translucent gate.
   262 | D:5      | Noticed Azoth's ghost (novice DECj)
   270 | D:5      | Found Ucwiz's Book Shoppe.
   333 | D:5      | Noticed a hound
   334 | D:5      | Found Lassuro's Weapon Shop.
   346 | D:5      | Noticed an iguana
   351 | D:5      | Slain by an iguana

Illustrated notes

Levels and vault maps discovered:
D:1:      grunt_arrival_crossed_arrows, layout_basic
D:2:      layout_loops_ring, nicolae_figureground_sparkle
D:3:      layout_basic, ebering_ghost_sewer_d, serial_shops, shop
D:4:      layout_cave_pools, uniq_grinder
D:5:      layout_basic, minmay_temple_entry_drinking_statues,
          ebering_ghost_rock_garden, serial_demonic, serial_demonic_c,
          serial_demonic_e, serial_demonic_b, serial_demonic_a, serial_shops,
          nicolae_shop_statue_plus, shop_fountains, serial_bayou_lagoon_a,
          hangedman_decor_diamond_cutter, kennysheep_small_spiral, st_stairs_6

Action                     || total
---------------------------++-------
  Melee: Short sword       ||    13
   Stab: Sleeping          ||     1
 Armour: Robe              ||     1
  Dodge: Dodged            ||    15

Table legend: (Time is in decaauts)
 A = Elapsed time spent in this place.
 B = Non-inter-level travel time spent in this place.
 C = Inter-level travel time spent in this place.
 D = Time resting spent in this place.
 E = Time spent auto-exploring this place.
 F = Levels seen in this place.
 G = Mean time per level.
                   A        B        C        D        E       F      G
               +--------+--------+--------+--------+--------+-----+--------+
         Total |    226 |    226 |      0 |      0 |     79 |   5 |   45.2 |
       Dungeon |    226 |    226 |      0 |      0 |     79 |   5 |   45.2 |
               +--------+--------+--------+--------+--------+-----+--------+

Top non-repeatable levels by time:
     D:2: 97 daAuts
     D:5: 61 daAuts
     D:4: 32 daAuts
     D:3: 20 daAuts
     D:1: 15 daAuts
